 Dungeon Crawl Stone Soup version 0.31-a0-983-g7b6862f502 (webtiles) character file.

Game seed: 15977769555743858360

116 billz999 the Ruffian (level 4, -1/44 HPs)
             Began as a Troll Fighter on Nov 3, 2023.
             Killed by divine providence
             ... invoked by an orc priest
              (10 damage)
             ... on level 3 of the Dungeon.
             The game lasted 00:01:11 (1215 turns).

billz999 the Ruffian (Troll Fighter)                Turns: 1215, Time: 00:01:11

Health: -1/44      AC:  4    Str: 26    XL:     4   Next: 69%
Magic:  3/3        EV:  8    Int:  4    God:
Gold:   153        SH:  7    Dex:  9    Spells: 3/3 levels left

rFire   . .          .
                       - Unarmed
rCold   . . .        b - +0 kite shield
rNeg    . . .        a - +0 robe
rPois   .            (helmet restricted)
rElec   .            (no cloak)
rCorr   .            (gloves unavailable)
SInv    +            (boots unavailable)
Will    .....        (no amulet)
Stlth   +            g - ring of wizardry
HPRegen 1.07/turn    i - ring of see invisible
MPRegen 0.08/turn

%: wizardry (x1)
@: no status effects
A: large, unfitting armour, claws 3, regeneration 1, shaggy fur 1, tough skin 1
a: no special abilities


You were on level 3 of the Dungeon.
You visited 1 branch of the dungeon, and saw 3 of its levels.

You collected 153 gold pieces.

Inventory:

Armour
 a - a +0 robe (worn)
 b - a +0 kite shield (worn)
Jewellery
 g - a ring of wizardry (left claw)
 i - a ring of see invisible (right claw)
Scrolls
 e - 3 scrolls of teleportation {unknown}
 f - 2 scrolls of identify {unknown}
 h - a scroll of poison {unknown}
 j - a scroll of fog {unknown}
 k - a scroll of blinking {unknown}
Potions
 c - a potion of might
 d - 3 potions of curing {unknown}
 l - a potion of heal wounds {unknown}


   Skills:
 - Level 2.4 Fighting
 - Level 2.4 Dodging
 - Level 2.6 Shields
 + Level 5.0 Unarmed Combat


You had 3 spell levels left.
You didn't know any spells.
Your spell library was empty.

Dungeon Overview and Level Annotations

Branches:
Dungeon (3/15)

Altars:
Sif Muna

Shops:
D:1 (


Innate Abilities, Weirdness & Mutations

You are too large for most types of armour.
You have claws for hands.
Your natural rate of healing is unusually fast.
You are covered in fur. (AC +1)
You have tough skin. (AC +1)


Message History

l - a metallic black potion No target in view!
No target in view!
You now have 153 gold pieces (gained 15).
An orc and an orc priest come into view.
The orc is wielding a +0 heavy hand axe.
Found a book of Decay.
There are monsters nearby!
An orc priest comes into view. It is wielding a +0 short sword.
There are monsters nearby!
The orc priest completely misses you.
There are monsters nearby!
You claw the orc priest!
The orc priest is almost dead.
The orc priest calls down the wrath of Beogh upon you.
Beogh smites you!
The orc priest invokes the aid of Beogh against you.
Beogh smites you! The orc barely misses you.
You are too injured to fight recklessly!
Unknown command.
You scratch the orc priest.
You kill the orc priest!
The orc priest begins to cast a cantrip, but forgets the words!
You block the orc's attack.
Your Unarmed Combat skill increases to level 5!
You scratch the orc priest.
The orc priest is moderately wounded.
The orc priest invokes the aid of Beogh against you.
Beogh smites you!
* * * LOW HITPOINT WARNING * * *
The orc barely misses you.
You claw the orc priest!
The orc priest is severely wounded.
The orc priest barely misses you.
You completely miss the orc priest.
The orc priest is severely wounded.
You block the orc's attack.
The orc priest calls down the wrath of Beogh upon you.
Beogh smites you!
You die...

#.......#####.##.. ######...#
#...........#.###..#<........
#...........#.# #..#####.....
#...........#.# #..#####.....
#...........#.# #............
#...........#.####.#.........
########........##.#.........
#........+............
##..o@...###..........
#.).o##...............
#....##...............
#....##........#.#....
.......#........#......
#...:...############.<..
#.......# #.... #.......#
#.... #..†#


You could see an orc priest and an orc.

Vanquished Creatures
  An orc priest (D:3)
  Jessica (D:2)
  3 adders
  5 endoplasms
  A giant cockroach (D:2)
  2 goblins (D:1)
  5 hobgoblins
  A quokka (D:3)
  7 ball pythons
  2 bats (D:2)
  4 frilled lizards
  4 kobolds
  A rat (D:1)
37 creatures vanquished.

Notes
Turn   | Place    | Note
-------+----------+-------------------------------------------
     0 | D:1      | billz999 the Troll Fighter began the quest for the Orb.
     0 | D:1      | Reached XP level 1. HP: 22/22 MP: 0/0
     6 | D:1      | Noticed a killer bee
     6 | D:1      | Noticed a salamander
     7 | D:1      | Noticed a hound
    69 | D:1      | Found Ughuace's Weapon Shoppe.
   172 | D:1      | Reached XP level 2. HP: 29/29 MP: 1/1
   421 | D:2      | Reached skill level 3 in Unarmed Combat
   676 | D:2      | Reached XP level 3. HP: 36/36 MP: 2/2
   758 | D:2      | Found a faded altar of an unknown god.
   771 | D:2      | Noticed Jessica
   780 | D:2      | Killed Jessica
   781 | D:2      | Reached skill level 4 in Unarmed Combat
   840 | D:2      | Reached XP level 4. HP: 43/44 MP: 3/3
  1112 | D:3      | Found a shimmering blue altar of Sif Muna.
  1211 | D:3      | Reached skill level 5 in Unarmed Combat
  1215 | D:3      | Killed from afar by an orc priest

Illustrated notes

Levels and vault maps discovered:
D:1:      onia_arrival_zoo_common, layout_rooms, serial_shops, shop_statue,
          serial_corexii_hall, chequers_hall_statues_y, chequers_hall_statues_y
D:2:      layout_rooms, hellmonk_ecumenical_altar_inner_sanctum,
          minmay_misc_feat_x, uniq_jessica
D:3:      layout_basic, mainiacjoe_overflow_catwalk

Skill      XL: |  1  2  3  4 |
---------------+-------------+-----
Unarmed Combat | 3 4 5 |  5.0
Fighting       | |  2.4
Dodging        | |  2.4
Shields        | |  2.6

Action                     |  1- 3 |  4- 6 || total
---------------------------+-------+-------++-------
  Melee: Unarmed           |    67 |    24 ||    91
 Armour: Robe              |    37 |     8 ||    45
  Dodge: Dodged            |    12 |     7 ||    19
  Block: Kite shield       |    20 |     7 ||    27

Table legend: (Time is in decaauts)
 A = Elapsed time spent in this place.
 B = Non-inter-level travel time spent in this place.
 C = Inter-level travel time spent in this place.
 D = Time resting spent in this place.
 E = Time spent auto-exploring this place.
 F = Levels seen in this place.
 G = Mean time per level.
                   A        B        C        D        E       F      G
               +--------+--------+--------+--------+--------+-----+--------+
         Total |   1219 |   1153 |     66 |      0 |    913 |   3 |  406.3 |
       Dungeon |   1219 |   1153 |     66 |      0 |    913 |   3 |  406.3 |
               +--------+--------+--------+--------+--------+-----+--------+

Top non-repeatable levels by time:
     D:2: 555 daAuts
     D:1: 406 daAuts
     D:3: 256 daAuts
